 Dungeon Crawl Stone Soup version 0.30-a0-210-g01b79a254e (webtiles) character file.

Game seed: 16705917927339089804

246 Darkkill the Shooter (level 6, -15/46 HPs)
             Began as a Human Hunter on Oct 4, 2022.
             Demolished by an ogre
             ... wielding a +0 giant spiked club
              (34 damage)
             ... on level 4 of the Dungeon.
             The game lasted 00:03:45 (2662 turns).

Darkkill the Shooter (Human Hunter)                 Turns: 2662, Time: 00:03:45

Health: -15/46     AC:  6    Str: 16    XL:     6   Next: 33%
Magic:  6/6        EV: 10    Int:  9    God:
Gold:   127        SH:  0    Dex: 16    Spells: 3/5 levels left

rFire   + . .      SeeInvis .    b - +8 morningstar of Luxury {vorpal, *Slow rF+ Str+2}
rCold   . . .      Faith    .    (no shield)
rNeg    . . .      Spirit   .    j - +0 scale mail
rPois   .          Reflect  .    (no helmet)
rElec   .          Harm     .    e - scarf {repulsion}
rCorr   .          Rampage  .    (no gloves)
Will    .....                    (no boots)
Stlth   ..........               (no amulet)
HPRegen 0.27/turn                (no ring)
MPRegen 0.10/turn                (no ring)

@: repel missiles
A: no striking features
a: no special abilities


You were on level 4 of the Dungeon.
You visited 1 branch of the dungeon, and saw 4 of its levels.

You collected 127 gold pieces.

Inventory:

Hand Weapons
 a - a +1 shortbow
 b - the +8 morningstar of Luxury (weapon) {vorpal, *Slow rF+ Str+2}
   (You acquired it on level 2 of the Dungeon)

   It inflicts extra damage upon your enemies.
   Str:       It affects your strength (+2).
   rF:        It protects you from fire.
   *Slow:     It may slow you when you take damage.
Missiles
 c - 3 boomerangs
 l - 8 poisoned darts
Armour
 e - a scarf of repulsion (worn)
 j - a +0 scale mail (worn)
Scrolls
 i - 2 scrolls of immolation
Potions
 d - a potion of heal wounds {unknown}
 f - 3 potions of magic {unknown}
 g - a potion of cancellation {unknown}
 h - 2 potions of curing
 k - a potion of brilliance {unknown}


   Skills:
 + Level 2.8 Fighting
 + Level 6.5 Ranged Weapons
 + Level 1.2 Armour
 + Level 2.2 Dodging
 + Level 1.1 Stealth


You had 3 spell levels left.
You knew the following spells:

 Your Spells              Type           Power      Damage    Failure   Level
a - Blink                 Tloc           0%         N/A       92%         2

Your spell library contained the following spells:

 Spells                   Type           Power      Damage    Failure   Level
 Momentum Strike          Conj/Tloc      0%         3d8       92%         2
 Frozen Ramparts          Ice            0%         1d1       99%         3
 Lesser Beckoning         Tloc           0%         N/A       99%         3
 Cause Fear               Hex            0%         N/A       100%        4
 Ice Form                 Ice/Tmut       0%         N/A       100%        4
 Summon Ice Beast         Ice/Summ       0%         N/A       100%        4
 Dragon Form              Tmut           0%         N/A       100%        7
 Borgnjor's Revivificati  Necr           0%         N/A       100%        8
 Necromutation            Tmut/Necr      0%         N/A       100%        8
 Death's Door             Necr           0%         N/A       100%        9
 Dragon's Call            Summ           0%         N/A       100%        9


Dungeon Overview and Level Annotations

Branches:
Dungeon (4/15)
 Temple: D:4-7

Altars:


Message History

You open the door.
There is an open door here.
An ogre comes into view. It is wielding a +0 giant spiked club.
The ogre shouts!
You hear a shout! x2; You hear an angry hiss.
A goblin comes into view. It is wielding a +0 club.
You hear a shout!
You shoot an arrow. The arrow completely misses the goblin.
The goblin unwields a +0 club.
The goblin wields a +0 sling.
The goblin shoots a sling bullet.
The sling bullet barely misses you.
There are monsters nearby!
You shoot an arrow. The arrow hits the ogre.
The ogre is lightly wounded.
A ball python comes into view.
There are monsters nearby!
You shoot an arrow. The ball python hisses angrily.
The arrow hits the ogre.
The ogre is lightly wounded.
There are monsters nearby!
You shoot an arrow. The arrow hits the ogre!
The ogre is moderately wounded.
An adder comes into view.
There are monsters nearby!
You shoot an arrow. The arrow completely misses the ogre.
The ogre hits you with a +0 giant spiked club!!
Ouch! That really hurt!
A goblin comes into view. It is wielding a +0 club.
There are monsters nearby!
You are too injured to fight recklessly!
You feel stronger.
b - the +8 morningstar of Luxury (weapon)
{vorpal, *Slow rF+ Str+2} The ogre hits you with a +0 giant spiked club!!
* * * LOW HITPOINT WARNING * * *
You feel better.
A hobgoblin comes into view.
You feel better.
A goblin comes into view. It is wielding a +0 dagger.
The ogre hits you with a +0 giant spiked club!!
Ouch! That really hurt!
You die...

.#############
.....)†......#
.............# #
.#...........# .g
..)..........# g♣♣
#......#####'## ....
#......# #...# ...♣
#......# #...####Sg..♣
#......####.....@Og...♣
#...........########....
#...........# ♣
#.##........#
[.##........# ..
###.###### .. #.# #.#
#.#


You could see an ogre, an adder, a hobgoblin and 3 goblins.

Vanquished Creatures
  A necrophage (D:4)
  2 orc priests
  2 adders (D:2)
  A worm (D:3)
  3 dart slugs (D:1)
  8 orcs
  4 bats
  5 endoplasms
  6 giant cockroaches
  7 goblins
  5 hobgoblins
  4 jackals (D:1)
  6 kobolds
  5 quokkas
  15 ball pythons
  A frilled lizard (D:2)
  8 rats
83 creatures vanquished.

Notes
Turn   | Place    | Note
-------+----------+-------------------------------------------
     0 | D:1      | Darkkill the Human Hunter began the quest for the Orb.
     0 | D:1      | Reached XP level 1. HP: 16/16 MP: 1/1
    87 | D:1      | Reached XP level 2. HP: 22/22 MP: 2/2
   112 | D:1      | Reached XP level 3. HP: 17/27 MP: 3/3
   400 | D:1      | Reached skill level 5 in Ranged Weapons
   434 | D:1      | Found a faded altar of an unknown god.
   688 | D:2      | Reached XP level 4. HP: 33/33 MP: 4/4
  1809 | D:2      | Identified a scroll of acquirement
  1809 | D:2      | Acquired the +8 morningstar of Luxury {vorpal, *Slow rF+
                  | Str+2}
  1944 | D:3      | Reached XP level 5. HP: 39/39 MP: 5/5
  2236 | D:3      | Reached skill level 6 in Ranged Weapons
  2466 | D:4      | Learned a level 2 spell: Blink
  2599 | D:4      | Reached skill level 1 in Armour
  2599 | D:4      | Reached XP level 6. HP: 43/46 MP: 6/6
  2654 | D:4      | Noticed an ogre
  2660 | D:4      | HP: 2/46 [ogre/+0 giant spiked club (19)]
  2662 | D:4      | Demolished by an ogre

Illustrated notes

Levels and vault maps discovered:
D:1:      lightli_arrival_quake, layout_basic, nicolae_ecumenical_snake_handling
D:2:      layout_basic, serial_co_window_serial, co_window_paths_a,
          co_window_paths_a, co_window_paths_a, co_window_corner_a,
          co_window_of_opportunity_a, co_window_paths_b, co_window_paths_b,
          co_window_paths_a, co_window_paths_b, co_window_corner_b,
          co_window_corner_ca, co_window_unsneaky_path_a,
          co_window_of_opportunity_b, co_window_paths_c,
          co_window_of_opportunity_c, co_window_paths_d, glass_columns_a,
          glass_columns_b, glass_columns_b, glass_columns_c
D:3:      layout_basic
D:4:      layout_basic, mainiacjoe_overflow_large_starburst,
          minmay_temple_entry_statues, ebering_ghost_reflecting_pool,
          dreamdust_princess_bridge, nrook_loot_triangle

Skill      XL: |  1  2  3  4  5 |
---------------+----------------+-----
Ranged Weapons | 5 6 |  6.5
Armour         | 1 |  1.2
Fighting       | |  2.8
Dodging        | |  2.2
Stealth        | |  1.1

Action                   |  1- 3 |  4- 6 || total
-------------------------+-------+-------++-------
 Fire: Shortbow          |    74 |   166 ||   240
  Use: Scroll            |       |     7 ||     7
       Potion            |       |     2 ||     2
Armor: Leather armour    |    16 |    15 ||    31
       Scale mail        |       |    21 ||    21
Dodge: Dodged            |    24 |    53 ||    77

Table legend: (Time is in decaauts)
 A = Elapsed time spent in this place.
 B = Non-inter-level travel time spent in this place.
 C = Inter-level travel time spent in this place.
 D = Time resting spent in this place.
 E = Time spent auto-exploring this place.
 F = Levels seen in this place.
 G = Mean time per level.
                   A        B        C        D        E       F      G
               +--------+--------+--------+--------+--------+-----+--------+
         Total |   2742 |   2708 |     34 |      0 |   2177 |   4 |  685.5 |
       Dungeon |   2742 |   2708 |     34 |      0 |   2177 |   4 |  685.5 |
               +--------+--------+--------+--------+--------+-----+--------+

Top non-repeatable levels by time:
     D:2: 1185 daAuts
     D:1: 708 daAuts
     D:3: 592 daAuts
     D:4: 255 daAuts
